 Dungeon Crawl Stone Soup version 0.30.0-29-ga12c61a403 (webtiles) character file.

Game seed: 1725715034423022611

1075 loir the Trooper (level 8, 0/61 HPs)
             Began as a Djinni Conjurer on June 11, 2023.
             Was an Initiate of Makhleb.
             Slain by a scorpion (7 damage)
             ... on level 5 of the Dungeon on June 12, 2023.
             The game lasted 00:33:06 (5270 turns).

loir the Trooper (Djinni Conjurer)                  Turns: 5270, Time: 00:33:06

Health: 0/61       AC:  4    Str:  6    XL:     8   Next: 54%
Gold:   287        EV: 13    Int: 23    God:    Makhleb [......] SH:  0 Dex: 11

rFire   + + .        h - +5 hand axe (vamp)
rCold   x . .        (no shield)
rNeg    + + .        a - +0 robe
rPois   ∞            (no helmet)
rElec   .            b - +1 cloak {Stlth+}
rCorr   .            (no gloves)
SInv    .            (boots unavailable)
Will    .....        (no amulet)
Stlth   +++          l - ring of positive energy
HPRegen 0.30/turn    p - ring of positive energy
MPRegen 0.00/turn

%: infuse magic (-1 HP)
@: flying, hasted, very quick
A: sickness immunity, fire resistance 2, cold vulnerability 1, float, innate
caster, HP casting, extra vitality 1
a: Renounce Religion


You were on level 5 of the Dungeon.
You worshipped Makhleb.
Makhleb was noncommittal.
You visited 2 branches of the dungeon, and saw 6 of its levels.

You collected 287 gold pieces.

Inventory:

Hand Weapons
 h - a +5 vampiric hand axe (weapon)
Armour
 a - a +0 robe (worn)
 b - a +1 cloak of stealth (worn)
 d - +0 steam dragon scales
 m - a +0 buckler
Jewellery
 l - a ring of positive energy (left hand)
 p - a ring of positive energy (right hand)
Wands
 f - a wand of flame (9)
 r - a wand of polymorph (9)
 t - a wand of iceblast (14)
 u - a wand of mindburst (7)
Scrolls
 g - a scroll of enchant weapon
 o - a scroll of magic mapping
 q - a scroll of identify
 s - a scroll of teleportation {unknown}
Potions
 c - a potion of haste
 e - 2 potions of mutation
 i - 3 potions of curing {unknown}
 j - a potion of cancellation
 k - 3 potions of might
 n - 3 potions of lignification {unknown}


   Skills:
 * Level 5.7 Fighting
 + Level 5.1 Dodging
 - Level 1.5 Stealth
 * Level 5.6 Spellcasting


You knew the following spells:

 Your Spells              Type           Power      Damage    Failure   Level
a - Magic Dart            Conj           100%       1d8       1%          1
b - Searing Ray           Conj           64%        2d6       1%          2
c - Dazzling Flash        Conj/Hex       64%        N/A       2%          3
d - Fulminant Prism       Conj/Hex       16%        3d10      9%          4
e - Iskenderun's Mystic   Conj/Tloc      32%        2d8       9%          4
f - Slow                  Hex            100%       N/A       1%          1
g - Lesser Beckoning      Tloc           64%        N/A       1%          2
h - Hailstorm             Conj/Ice       32%        3d8       2%          3
Your spell library was empty.

Dungeon Overview and Level Annotations

Branches:
Dungeon (5/15)             Temple (1/1) D:5

Altars:
Dithmenos
Elyvilon
Gozag
Makhleb
Qazlal
Ru
Trog
Wu Jian
Xom
Yredelemnul
Zin

Shops:
D:4 *

Annotations:
D:5 1 runed translucent door, chickenninja42's ghost, amateur MiBe


Innate Abilities, Weirdness & Mutations

You are immune to sickness and miasma.
You are immune to poison.
Your flesh is very heat resistant. (rF++)
You are vulnerable to cold. (rC-)
You float through the air rather than walking.
You learn spells naturally, not from books.
Your magical power is your life essence.
You have superior vitality. (+4 MHP)


Message History

The scorpion misses you. The scorpion attacks as you move away!
The scorpion stings you.
Casting: Fulminant Prism (dangerous; 9% risk of failure)
Confirm with . or Enter, or press ? or * to list all spells.
Aiming: Searing Ray (safe; 1% risk of failure)
Press: ? - help, Shift-Dir - straight line, f - scorpion
Aim: a scorpion (heavily wounded, 81% to hit)
The searing ray misses the scorpion.
The searing ray hits the scorpion.
The scorpion is almost dead. (Press . to maintain the ray.)
The scorpion stings you.
A centaur comes into view.
The searing ray hits the scorpion.
The scorpion is severely wounded.
The searing ray hits the scorpion.
You kill the scorpion!
Makhleb accepts your kill. The scorpion stings you.
The centaur wields a +0 shortbow.
The centaur shoots an arrow.
The arrow barely misses you. The scorpion closely misses you.
The searing ray hits the scorpion.
The scorpion is almost dead.
The centaur shoots an arrow.
The arrow hits you. The scorpion misses you.
The centaur shoots an arrow.
The arrow hits you!
The searing ray misses the scorpion.
You finish channelling your searing ray.
The centaur shoots an arrow.
The arrow hits you!
* * * LOW HITPOINT WARNING * * *
The scorpion stings you but does no damage.
You barely miss the scorpion.
The scorpion is almost dead.
The centaur shoots an arrow.
The arrow hits you!
* * * LOW HITPOINT WARNING * * *
The scorpion stings you but does no damage.
The centaur shoots an arrow.
The arrow closely misses you. The scorpion barely misses you.
It was a potion of haste.
You feel yourself speed up.
The centaur shoots an arrow.
The arrow closely misses you. The scorpion stings you!
You die...

....# #..........## #..# ....##
#.......#c.# ##.## .....#
#########..# #..# .....##
########..#######..### ......#
#....................#
......###.####.....####.###..####
.......##.#..##...##..#.# ###♣.#
......<##.#...##.##...#.# ###8:+
.......#..##...#@#...##.# ##.#♣.#
...........##.'#s#')##..# #..####
......##....###.†.###...###......
......##...)....8................
......###...###...###...##.......
####### #..##.'#.#'.##..###......
#.##...#.#...##.# ##.....
#.#...##.##...#.# ###...
#.#:.##...##.!#.# ####


You could see a centaur and a scorpion.

Vanquished Creatures
  A steam dragon (D:4)
  A black bear (D:4)
  An ice beast (D:5)
  A phantom (D:5)
  2 kobold brigands (D:3)
  2 scorpions (D:5)
  A killer bee (D:5)
  2 hounds (D:5)
  A jelly (D:5)
  2 sleepcaps
  2 iguanas
  3 gnolls (D:2)
  3 adders
  A shadow imp (D:5)
  An ufetubus (D:5)
  2 worms (D:2)
  6 dart slugs
  9 orcs
  9 endoplasms
  4 giant cockroaches
  8 hobgoblins
  6 jackals (D:2)
  4 quokkas
  7 ball pythons
  6 bats
  9 frilled lizards
  7 goblins
  12 kobolds
  4 rats
117 creatures vanquished.

Vanquished Creatures (others)
  10 fulminant prisms
10 creatures vanquished.

Grand Total: 127 creatures vanquished

Notes
Turn   | Place    | Note
-------+----------+-------------------------------------------
     0 | D:1      | loir the Djinni Conjurer began the quest for the Orb.
     0 | D:1      | loir set off with the following spells memorised: Magic
                  | Dart, Searing Ray, Dazzling Flash, Fulminant Prism,
                  | Iskenderun's Mystic Blast.
     0 | D:1      | Reached XP level 1. HP: 15/15 MP: 0/0
    96 | D:1      | Reached XP level 2. HP: 17/22 MP: 0/0
   180 | D:1      | Reached skill level 1 in Fighting
   621 | D:1      | Found a faded altar of an unknown god.
   806 | D:2      | Reached XP level 3. HP: 22/27 MP: 0/0
   806 | D:2      | Learned a level 1 spell: Slow
  1313 | D:2      | Reached XP level 4. HP: 30/33 MP: 0/0
  1713 | D:3      | Reached XP level 5. HP: 38/39 MP: 0/0
  1713 | D:3      | Learned a level 2 spell: Lesser Beckoning
  2758 | D:3      | Noticed a kobold brigand
  2767 | D:3      | Killed a kobold brigand
  2768 | D:3      | Reached XP level 6. HP: 35/46 MP: 0/0
  3014 | D:4      | Identified a scroll of acquirement
  3014 | D:4      | Acquired a +1 cloak of stealth
  3220 | D:4      | Noticed a steam dragon
  3231 | D:4      | Killed a steam dragon
  3232 | D:4      | Reached XP level 7. HP: 31/52 MP: 0/0
  3232 | D:4      | Learned a level 3 spell: Hailstorm
  3766 | D:4      | Found Zadegamun's General Store.
  4407 | D:5      | Entered Level 5 of the Dungeon
  4464 | D:5      | Reached skill level 5 in Spellcasting
  4581 | D:5      | Found a staircase to the Ecumenical Temple.
  4586 | Temple   | Entered the Ecumenical Temple
  4674 | Temple   | Became a worshipper of Makhleb the Destroyer
  4762 | D:5      | Found a runed translucent door.
  4762 | D:5      | Noticed chickenninja42's ghost (amateur MiBe)
  4952 | D:5      | Reached XP level 8. HP: 52/58 MP: 0/0
  4956 | D:5      | Reached skill level 5 in Fighting
  5140 | D:5      | Reached skill level 5 in Dodging
  5270 | D:5      | Slain by a scorpion

Illustrated notes

Levels and vault maps discovered:
D:1:      heliophobic_arrival_glass_houses, layout_basic,
          ebering_ecumenical_altar_hall
D:2:      layout_basic, minmay_lizard_king
D:3:      cheibrodos_thug_alley, layout_loops_corners,
          nicolae_sif_muna_little_library
D:4:      layout_layer_cave, serial_shops, nicolae_shop_statue_plus,
          st_stairs_11
D:5:      cheibrodos_barr_body, layout_cave_pods,
          nicolae_overflow_two_pavilions, temple_doors_e, gammafunk_ghost_grave,
          serial_glass, glass_columns_b, glass_columns_c
Temple:   mainiacjoe_temple_bowtie_tessellation

Skill      XL: |  1  2  3  4  5  6  7  8 |
---------------+-------------------------+-----
Fighting       | 1 2 3 4 5 |  5.7
Dodging        | 3 4 5 |  5.1
Spellcasting   | 4 5 |  5.6
Stealth        | |  1.5

Action                     |  1- 3 |  4- 6 |  7- 9 || total
---------------------------+-------+-------+-------++-------
  Melee: Hand axe          |       |    11 |    46 ||    57
   Cast: Magic Dart        |    84 |    82 |    53 ||   219
         Searing Ray       |     2 |     3 |     2 ||     7
         Fulminant Prism   |       |     8 |     2 ||    10
         Slow              |       |     1 |       ||     1
    Use: Scroll            |     2 |    10 |     1 ||    13
         Potion            |       |       |     1 ||     1
 Armour: Robe              |     5 |     2 |    16 ||    23
  Dodge: Dodged            |    13 |    12 |    48 ||    73
